 Dungeon Crawl Stone Soup version 0.29.1-15-g9cfb28693d (webtiles) character file.

Game seed: 13980851150667051810

116 StoopidFlanders the Shooter (level 5, -1/90 HPs)
             Began as a Gnoll Wanderer on Apr 15, 2023.
             Slain by an orc
             ... wielding a +0 war axe
              (3 damage)
             ... on level 3 of the Dungeon.
             The game lasted 00:02:55 (1488 turns).

StoopidFlanders the Shooter (Gnoll Wanderer)        Turns: 1488, Time: 00:02:55

Health: -1/90      AC: 22    Str:  7 (10) XL:     5   Next: 0%
Magic:  12/12      EV:  2    Int:  7 (10) God:
Gold:   104        SH:  0    Dex: 14 (16) Spells: 13/14 levels left

rFire   . . .      SeeInvis .   a - +3 sling
rCold   . . .      Faith    .   (no shield)
rNeg    + . .      Spirit   .   (body armour currently unavailable)
rPois   +          Reflect  .   (helmet currently unavailable)
rElec   .          Harm     .   (cloak currently unavailable)
rCorr   .          Rampage  .   (gloves currently unavailable)
Will    .....      NoTele   +   (boots currently unavailable)
Stlth   ..........              (no amulet)
HPRegen 0.25/turn               e - ring of positive energy
MPRegen 0.13/turn               (no ring)

@: berserking (expiring), tree-form, very quick
A: stationary, stasis, torment immunity, boosted hp, (fangs 1), strong nose,
distributed training
a: no special abilities


You were on level 3 of the Dungeon.
You were a tree.
You visited 1 branch of the dungeon, and saw 3 of its levels.

You collected 104 gold pieces.

Inventory:

Hand Weapons
 a - a +3 sling (weapon)
Armour
 c - a +0 robe (melded)
 k - a +0 pair of boots (melded)
 n - a +0 pair of gloves (melded)
Magical Staves
 j - a staff of conjuration
Jewellery
 e - a ring of positive energy (left branch)
Scrolls
 b - 2 scrolls of fear
 d - 3 scrolls of identify {unknown}
 f - 2 scrolls of vulnerability {unknown}
 i - a scroll of blinking {unknown}
 l - a scroll of immolation {unknown}
Potions
 g - 2 potions of degeneration
 m - a potion of heal wounds {unknown}


   Skills:
 + Level 2.9 Fighting
 + Level 1.3 Short Blades
 + Level 1.3 Long Blades
 + Level 1.3 Axes
 + Level 1.3 Maces & Flails
 + Level 1.3 Polearms
 + Level 1.3 Staves
 + Level 6.6 Ranged Weapons
 + Level 1.3 Throwing
 + Level 2.9 Armour
 + Level 1.3 Dodging
 + Level 1.3 Stealth
 + Level 1.3 Shields
 + Level 1.3 Unarmed Combat
 + Level 5.1 Spellcasting
 + Level 1.1 Conjurations
 + Level 1.1 Hexes
 + Level 1.1 Summonings
 + Level 1.1 Necromancy
 + Level 1.1 Translocations
 + Level 1.1 Transmutations
 + Level 1.1 Fire Magic
 + Level 3.9 Ice Magic
 + Level 1.1 Air Magic
 + Level 1.1 Earth Magic
 + Level 1.1 Poison Magic
 + Level 1.5 Invocations
 + Level 2.9 Evocations


You had 13 spell levels left.
You knew the following spells:

 Your Spells              Type           Power      Damage    Failure   Level
a - Freeze                Ice            28%        1d5       5%          1

Your spell library contained the following spells:

 Spells                   Type           Power      Damage    Failure   Level
 Ozocubu's Armour         Ice            7%         N/A       17%         3
 Gell's Gravitas          Tloc           3%         N/A       47%         3
 Lesser Beckoning         Tloc           3%         N/A       47%         3
 Teleport Other           Tloc           3%         N/A       47%         3


Dungeon Overview and Level Annotations

Branches:
Dungeon (3/15)

Altars:
Fedhas


Innate Abilities, Weirdness & Mutations

You are a tree.
Your roots penetrate the ground, keeping you stationary.
You cannot be teleported.
You are immune to unholy pain and torment.
Your maximum health is greatly increased.
Your equipment is partially melded.
((You have very sharp teeth.))
Your uncanny sense of smell can sniff out nearby items.
Your experience applies equally to all skills.


Message History

The bat hits you but does no damage. The orc barely misses you.
The adder bites you but does no damage.
Really attack while wielding your +3 sling?
You hit the adder!
You kill the adder!
The bat hits you but does no damage. The orc hits you but does no damage.
The rat bites you but does no damage. The orc hits you with a +0 war axe.
* * * LOW HITPOINT WARNING * * *
You barely miss the rat. The bat hits you but does no damage.
The orc hits you but does no damage. The rat bites you but does no damage.
You barely miss the rat. The bat hits you but does no damage.
The rat bites you but does no damage. The orc hits you but does no damage.
You clumsily bash the rat.
The rat is moderately wounded.
The bat hits you but does no damage. The orc barely misses you.
The bat hits you but does no damage. The rat bites you but does no damage.
You clumsily bash the rat.
You kill the rat!
The bat hits you but does no damage. The orc hits you but does no damage.
You have reached level 5!
You closely miss the kobold. The bat hits you but does no damage.
The orc hits you but does no damage. The kobold hits you but does no damage.
You hit the kobold!
You kill the kobold!
The bat hits you.
* * * LOW HITPOINT WARNING * * *
The dart slug launches a dart at you.
The slug dart hits you but does no damage.
The orc hits you but does no damage.
You clumsily bash the orc.
The orc is heavily wounded.
The bat hits you but does no damage. The orc hits you but does no damage.
The bat hits you but does no damage. The orc hits you but does no damage.
You clumsily bash the orc.
The orc is almost dead.
The bat hits you but does no damage. x3; The orc hits you but does no damage. x2
You closely miss the orc.
The orc is almost dead.
The bat hits you but does no damage. The orc hits you with a +0 war axe.
You die...

############## #########
#....#.......#
........#####..........#.####.##
.................................
................................†
....##........b...)#........w....
#...##...........o.##.....#..)..
#...##########..♣ow##.......).
#...# #####.......†#.#.### #####
#........†...... ##....###.......
∆ ∆ ##...# ....... ##### ......#
∆ ......# .##.... .# #...


You could see a dart slug, 2 orcs and a bat.

Vanquished Creatures
  3 gnolls (D:2)
  3 adders
  A worm (D:2)
  3 dart slugs
  2 orcs (D:3)
  7 ball pythons
  2 endoplasms
  A giant cockroach (D:1)
  3 hobgoblins
  3 kobolds
  4 quokkas
  5 bats
  3 frilled lizards
  6 goblins
  6 rats
52 creatures vanquished.

Notes
Turn   | Place    | Note
-------+----------+-------------------------------------------
     0 | D:1      | StoopidFlanders the Gnoll Wanderer began the quest for the
                  | Orb.
     0 | D:1      | StoopidFlanders set off with the following items: a +3
                  | sling, a scroll of fear, a +0 robe; and the following spell
                  | memorised: Freeze; and the following spells available to
                  | memorise: Ozocubu's Armour.
     0 | D:1      | Reached XP level 1. HP: 17/17 MP: 6/6
   205 | D:1      | Reached XP level 2. HP: 23/23 MP: 7/7
   656 | D:1      | Reached skill level 5 in Spellcasting
   656 | D:1      | Reached XP level 3. HP: 28/28 MP: 7/9
   705 | D:1      | Found a faded altar of an unknown god.
   796 | D:2      | Reached skill level 1 in Invocations
   959 | D:2      | Reached skill level 1 in Short Blades
   959 | D:2      | Reached skill level 1 in Long Blades
   959 | D:2      | Reached skill level 1 in Axes
   959 | D:2      | Reached skill level 1 in Maces & Flails
   959 | D:2      | Reached skill level 1 in Polearms
   959 | D:2      | Reached skill level 1 in Staves
   959 | D:2      | Reached skill level 1 in Throwing
   959 | D:2      | Reached skill level 1 in Dodging
   959 | D:2      | Reached skill level 1 in Stealth
   959 | D:2      | Reached skill level 1 in Shields
   959 | D:2      | Reached skill level 1 in Unarmed Combat
  1063 | D:2      | Found a blossoming altar of Fedhas.
  1127 | D:2      | Reached XP level 4. HP: 34/34 MP: 11/11
  1134 | D:2      | Reached skill level 1 in Conjurations
  1134 | D:2      | Reached skill level 1 in Hexes
  1134 | D:2      | Reached skill level 1 in Summonings
  1134 | D:2      | Reached skill level 1 in Necromancy
  1134 | D:2      | Reached skill level 1 in Translocations
  1134 | D:2      | Reached skill level 1 in Transmutations
  1134 | D:2      | Reached skill level 1 in Fire Magic
  1134 | D:2      | Reached skill level 1 in Air Magic
  1134 | D:2      | Reached skill level 1 in Earth Magic
  1134 | D:2      | Reached skill level 1 in Poison Magic
  1475 | D:3      | HP: 1/34 [orc/+0 war axe (10)]
  1484 | D:3      | Reached XP level 5. HP: 2/40 MP: 12/12
  1485 | D:3      | HP: 1/90 [bat (1)]
  1488 | D:3      | Slain by an orc

Illustrated notes

Levels and vault maps discovered:
D:1:      spicycebolla_arrival_clurvy, layout_basic,
          hellmonk_ecumenical_altar_pennies_from_heaven
D:2:      layout_rooms, basic_altar, minmay_diced_spiral
D:3:      kennysheep_six_static_rooms, layout_basic,
          nicolae_dithmenos_through_a_glass_darkly, xom_confusion_cloud

Skill      XL: |  1  2  3  4 |
---------------+-------------+-----
Spellcasting   | 5 |  5.1
Invocations    | 1 |  1.5
Short Blades   | 1 |  1.3
Long Blades    | 1 |  1.3
Axes           | 1 |  1.3
Maces & Flails | 1 |  1.3
Polearms       | 1 |  1.3
Staves         | 1 |  1.3
Throwing       | 1 |  1.3
Dodging        | 1 |  1.3
Stealth        | 1 |  1.3
Shields        | 1 |  1.3
Unarmed Combat | 1 |  1.3
Conjurations   | 1 |  1.1
Hexes          | 1 |  1.1
Summonings     | 1 |  1.1
Necromancy     | 1 |  1.1
Translocations | 1 |  1.1
Transmutations | 1 |  1.1
Fire Magic     | 1 |  1.1
Air Magic      | 1 |  1.1
Earth Magic    | 1 |  1.1
Poison Magic   | 1 |  1.1
Fighting       | |  2.9
Ranged Weapons | |  6.6
Armour         | |  2.9
Ice Magic      | |  3.9
Evocations     | |  2.9

Action                   |  1- 3 |  4- 6 || total
-------------------------+-------+-------++-------
Melee: Sling             |       |    10 ||    10
 Fire: Sling             |    82 |    34 ||   116
  Use: Potion            |       |     4 ||     4
Armor: Robe              |     1 |    15 ||    16
       Skin              |       |    34 ||    34
Dodge: Dodged            |     5 |    30 ||    35
